 Dungeon Crawl Stone Soup version 0.28-a0-1334-g1c9ffb4daf (webtiles) character file.

Game seed: 7097768124920915571

42 Cheeritup the Chopper (level 3, -1/34 HPs)
             Began as a Hill Orc Monk on Dec 28, 2021.
             Slain by a gnoll (5 damage)
             ... on level 2 of the Dungeon.
             The game lasted 00:02:38 (1026 turns).

Cheeritup the Chopper (Hill Orc Monk)               Turns: 1026, Time: 00:02:39

Health: -1/34      AC:  4    Str: 13    XL:     3   Next: 56%
Magic:  3/3        EV: 12    Int: 10    God:
Gold:   64         SH:  0    Dex: 15    Spells: 2/2 levels left

rFire   . . .      SeeInvis .   a - +0 hand axe
rCold   . . .      Faith    .   (no shield)
rNeg    . . .      Spirit   .   h - +0 leather armour
rPois   .          Reflect  .   (no helmet)
rElec   .          Harm     .   (no cloak)
rCorr   .          Rampage  .   (no gloves)
Will    .....                   g - +0 pair of boots
Stlth   ++........              (no amulet)
HPRegen 0.11/turn               (no ring)
MPRegen 0.08/turn               (no ring)

@: no status effects
A: no striking features
a: no special abilities


You were on level 2 of the Dungeon.
You visited 1 branch of the dungeon, and saw 2 of its levels.

You collected 64 gold pieces.

Inventory:

Hand Weapons
 a - a +0 hand axe (weapon)
 e - a +0 long sword of holy wrath
Missiles
 b - 2 curare-tipped darts (quivered)
Armour
 g - a +0 pair of boots (worn)
 h - a +0 leather armour (worn)
Scrolls
 c - 3 scrolls of identify {unknown}
 d - a scroll of fear {unknown}
 f - 3 scrolls of fog {unknown}
 i - a scroll of immolation {unknown}


   Skills:
 * Level 4.4 Fighting
 * Level 4.8 Axes
 + Level 1.2 Armour
 - Level 2.4 Dodging
 - Level 1.5 Stealth


You had 2 spell levels left.
You didn't know any spells.
Your spell library was empty.

Dungeon Overview and Level Annotations

Branches:
Dungeon (2/15)

Altars:


Message History

You hit the adder.
You kill the adder!
You closely miss the gnoll. The gnoll hits you with a +0 whip.
* * * LOW HITPOINT WARNING * * *
You have reached level 3!
Your experience leads to an increase in your attributes!
Increase (S)trength, (I)ntelligence, or (D)exterity?
You feel agile. x2
You hit the gnoll.
The gnoll is almost dead.
The gnoll closely misses you.
You hit the gnoll.
You kill the gnoll!
You start resting.
A bat is nearby!
A bat is nearby!
You see here a +0 whip.
A gnoll comes into view. It is wielding a +0 spear.
The bat closely misses you.
You hit the bat but do no damage. The bat misses you.
The bat completely misses you. The bat hits you but does no damage.
You see here an adder corpse.
The bat closely misses you. x2
You hit the bat but do no damage. The bat hits you but does no damage.
The bat barely misses you.
You slash the bat!
You kill the bat!
The gnoll hits you from afar with a +0 spear.
* * * LOW HITPOINT WARNING * * *
The gnoll hits you with a +0 spear.
* * * LOW HITPOINT WARNING * * *
You hit the gnoll.
The gnoll is lightly wounded.
The gnoll hits you with a +0 spear.
* * * LOW HITPOINT WARNING * * *
You completely miss the gnoll.
The gnoll is lightly wounded.
The gnoll hits you with a +0 spear.
You die...

#..............<#.....
###..............†....
..... ####...........#....
.... ##..............) ...
#............... ..#
#............... . ..
###.............. ..g #.
####.........##.....
#..#.##†g@.#####..........
#......)#### #.).......
#.#........# #.........
#....###.#.# #........#
#...### ....# ###....>..
... #.#... ....#.. .. ..
... ....#.. . ... .. ..).#
###. .....


You could see a gnoll.

Vanquished Creatures
  A gnoll (D:2)
  An adder (D:2)
  4 endoplasms
  3 giant cockroaches
  3 goblins
  2 hobgoblins
  A ball python (D:1)
  A bat (D:2)
  2 frilled lizards (D:1)
  A kobold (D:1)
  5 rats (D:1)
24 creatures vanquished.

Vanquished Creatures (others)
  A fungus (D:1)
1 creature vanquished.

Grand Total: 25 creatures vanquished

Notes
Turn   | Place    | Note
-------+----------+-------------------------------------------
     0 | D:1      | Cheeritup the Hill Orc Monk began the quest for the Orb.
     0 | D:1      | Reached XP level 1. HP: 19/19 MP: 1/1
   293 | D:1      | Reached XP level 2. HP: 25/27 MP: 2/2
   459 | D:1      | Found a faded altar of an unknown god.
   776 | D:2      | Reached skill level 1 in Armour
   980 | D:2      | Reached XP level 3. HP: 7/34 MP: 3/3
  1026 | D:2      | Slain by a gnoll

Illustrated notes

Levels and vault maps discovered:
D:1:      matt_arrival_grand_opening, layout_basic,
          shapermc_ecumenical_altar_mp_ritualfount
D:2:      layout_rooms, st_stairs_7, supply_closet_lemuel

Skill      XL: |  1  2 |
---------------+-------+-----
Fighting       | 4 |  4.4
Armour         | 1 |  1.2
Axes           | |  4.8
Dodging        | |  2.4
Stealth        | |  1.5

Action                   || total
-------------------------++-------
Melee: Hand axe          ||    61
 Stab: Sleeping          ||     4
Armor: Robe              ||     5
       Leather armour    ||     6
Dodge: Dodged            ||    35

Table legend: (Time is in decaauts)
 A = Elapsed time spent in this place.
 B = Non-inter-level travel time spent in this place.
 C = Inter-level travel time spent in this place.
 D = Time resting spent in this place.
 E = Time spent auto-exploring this place.
 F = Levels seen in this place.
 G = Mean time per level.
                   A        B        C        D        E       F      G
               +--------+--------+--------+--------+--------+-----+--------+
         Total |   1030 |   1011 |     19 |     30 |    779 |   2 |  515.0 |
       Dungeon |   1030 |   1011 |     19 |     30 |    779 |   2 |  515.0 |
               +--------+--------+--------+--------+--------+-----+--------+

Top non-repeatable levels by time:
     D:1: 765 daAuts
     D:2: 264 daAuts
